 Dungeon Crawl Stone Soup version 0.19-a0-742-g4563caa (webtiles) character file.

109 tyrsky the Ruffian (level 4, -4/35 HPs)
             Began as a Draconian Transmuter on June 23, 2016.
             Was an Initiate of Cheibriados.
             Slain by an orc
             ... wielding a +0 war axe
              (6 damage)
             ... on level 4 of the Dungeon.
             The game lasted 00:08:51 (1392 turns).

tyrsky the Ruffian (Draconian Transmuter)           Turns: 1392, Time: 00:08:51

Health: -4/35      AC:  6    Str: 14    XL:     4   Next: 60%
Magic:  2/7        EV: 12    Int: 15    God:    Cheibriados [......]
Gold:   151        SH:  0    Dex: 12    Spells: 3 memorised, 1 level left

rFire  . . .     SeeInvis .       - Unarmed
rCold  . . .     Gourm    .     (armour unavailable)
rNeg   . . .     Faith    .     (no shield)
rPois  .         Spirit   .     (helmet restricted)
rElec  .         Dismiss  .     l - +0 cloak
rCorr  .         Reflect  .     (no gloves)
SustAt .         Harm     .     (boots currently unavailable)
MR     .....                    e - amulet of rage
Stlth  ++........               (no ring)
                                (no ring)

@: appendage (expiring), very slow, not resistant to hostile enchantments,
unstealthy
A: unfitting armour, talons 3, cold-blooded, AC +5
a: End Transformation, Bend Time, Renounce Religion, Evoke Berserk Rage


You were on level 4 of the Dungeon.
You worshipped Cheibriados.
Cheibriados was noncommittal.
You were not hungry.
You had grown temporary talons.
You visited 2 branches of the dungeon, and saw 6 of its levels.

You collected 151 gold pieces.

Inventory:

Missiles
 a - 8 arrows
Armour
 l - a +0 cloak (worn)
Jewellery
 e - an amulet of rage (around neck)
Scrolls
 h - a scroll of enchant armour {unknown}
 i - a scroll of recharging
 j - 2 scrolls of identify {unknown}
 m - a scroll of teleportation {unknown}
Potions
 o - a potion of degeneration {unknown}
Books
 b - a book of Changes

   Spells                             Type                      Level
   a - Beastly Appendage              Transmutation                1
   b - Sticks to Snakes               Transmutation                2
   c - Spider Form                    Transmutation/Poison         3
   d - Ice Form                       Ice/Transmutation            4
   e - Blade Hands                    Transmutation                5
Comestibles
 c - 3 bread rations
 f - 2 meat rations
 p - a beef jerky


   Skills:
 - Level 1.1 Fighting
 - Level 1.7 Dodging
 * Level 2.8 Stealth
 + Level 4.1 Unarmed Combat
 - Level 2.0 Spellcasting
 + Level 2.4 Transmutations


You had one spell level left.
You knew the following spells:

 Your Spells              Type           Power        Failure   Level  Hunger
a - Beastly Appendage     Tmut           #.....       12%         1    #......
b - Sticks to Snakes      Tmut           #.......     14%         2    ###....
c - Spider Form           Tmut/Pois      #.........   43%         3    ###....


Dungeon Overview and Level Annotations

Branches:
Dungeon (5/15)             Temple (1/1) D:4

Altars:
Ashenzari
Cheibriados
Elyvilon
Gozag
Nemelex Xobeh
Ru
Trog
Vehumet
Xom
Yredelemnul
The Shining One

Shops:
D:4 =


Innate Abilities, Weirdness & Mutations

Your plain brown scales are hard. (AC +5)
Your body does not fit into most forms of armour.
You are cold-blooded and may be slowed by cold attacks.
You have claws for feet.


Message History

* * * LOW HITPOINT WARNING * * *
The orc hits you but does no damage. The orc closely misses you.
You closely miss the orc. You claw the orc, but do no damage.
The orc barely misses you. The orc hits you.
* * * LOW HITPOINT WARNING * * *
The orc hits you with a war axe.
* * * LOW HITPOINT WARNING * * *
It was a potion of brilliance.
You feel clever all of a sudden. The orc closely misses you. x2
It was a potion of resistance.
You feel protected.
Your transformation is almost over.
You feel yourself speed up. The orc closely misses you. The orc misses you.
The orc closely misses you.
It was a potion of cancellation.
Your magical effects are unravelling.
You feel magically purged.
You feel a little less clever now.
Your resistance to elements expires.
The orc hits you with a war axe.
You die...

########..
#.........
####.######.#
####>od........
#....o...#.....
##.##.##..#
####
#...#.##..#
#...........
#...#.##..###
##†##.##..#
#####.##.. ...
#.....# ### .#


You could see 2 orcs.

Vanquished Creatures
  A hound (D:4)
  An orc wizard (D:5)
  An adder (D:3)
  An adder skeleton (D:4)
  An orc (D:5)
  2 ball pythons
  A giant cockroach (D:1)
  4 goblins
  8 hobgoblins
  2 jackals (D:4)
  7 kobolds
  A quokka (D:2)
  5 bats (D:1)
  3 giant newts
  5 rats (D:1)
43 creatures vanquished.

Vanquished Creatures (collateral kills)
  An orc (D:5)
1 creature vanquished.

Grand Total: 44 creatures vanquished

Notes
Turn   | Place    | Note
--------------------------------------------------------------
     0 | D:1      | tyrsky the Draconian Transmuter began the quest for the Orb.
     0 | D:1      | Reached XP level 1. HP: 16/16 MP: 3/3
   409 | D:1      | Reached XP level 2. HP: 14/23 MP: 5/5
   609 | D:1      | Learned a level 2 spell: Sticks to Snakes
   700 | D:1      | Reached skill level 1 in Stealth
   796 | D:1      | Reached XP level 3. HP: 21/28 MP: 6/6
  1030 | D:3      | Learned a level 3 spell: Spider Form
  1099 | D:4      | Found a staircase to the Ecumenical Temple.
  1103 | Temple   | Entered the Ecumenical Temple
  1192 | Temple   | Became a worshipper of Cheibriados the Contemplative
  1263 | D:4      | Reached skill level 4 in Unarmed Combat
  1263 | D:4      | Reached XP level 4. HP: 20/35 MP: 2/7
  1324 | D:4      | Found Nuinn's Jewellery Emporium.
  1366 | D:5      | Entered Level 5 of the Dungeon
  1392 | D:4      | Slain by an orc

Vault maps used:
D:1:      elethiomel_arrival_infinity_welcomes_careful_drivers
D:2:      grunt_dithmenos_smoke
D:3:      old_standard_altar
D:4:      nicolae_overflow_hidden_temple, first_bread, minmay_shop_grid_forest
D:5:      johnstein_pakellas_shop, basic_altar
Temple:   hc_temple_tempest_star

Skill      XL: |  1  2  3 |
---------------+----------+-----
Stealth        | 1 2 |  2.8
Unarmed Combat | 4 |  4.1
Fighting       | |  1.1
Dodging        | |  1.7
Spellcasting   | |  2.0
Transmutations | |  2.4

Action                   |  1- 3 |  4- 6 || total
-------------------------+-------+-------++-------
Melee: Unarmed           |   140 |    19 ||   159
       Tailslap          |    14 |     2 ||    16
       Punch             |     3 |     1 ||     4
       Kick              |     5 |     1 ||     6
       Headbutt          |       |     2 ||     2
 Cast: Beastly Appendage |     4 |     2 ||     6
       Sticks to Snakes  |     1 |     3 ||     4
  Use: Scroll            |     1 |       ||     1
       Potion            |       |     5 ||     5
 Stab: Distracted        |     1 |       ||     1
       Sleeping          |     1 |       ||     1
  Eat: Chunk             |     1 |     1 ||     2
Armor: Skin              |    42 |    11 ||    53
Dodge: Dodged            |    98 |    43 ||   141
